 Dungeon Crawl Stone Soup version 0.27-a0-1572-gacd6f1ce93 (webtiles) character file.

Game seed: 1761428740641997596

46 DocSulfur the Ducker (level 3, 6/28 HPs)
             Began as a Djinni Gladiator on July 17, 2021.
             Quit the game on level 3 of the Dungeon.
             The game lasted 00:04:00 (1305 turns).

DocSulfur the Ducker (Djinni Gladiator)             Turns: 1305, Time: 00:04:01

Health: 6/28       AC:  4    Str: 14    XL:     3   Next: 95%
Gold:   49         EV: 13    Int:  9    God:
                   SH:  0    Dex: 14

rFire    + + .     SeeInvis .   a - +0 long sword
rCold    x . .     Faith    .   (no shield)
rNeg     . . .     Spirit   .   b - +0 leather armour
rPois    ∞         Reflect  .   c - +0 helmet
rElec    .         Harm     .   (no cloak)
rCorr    .         Rampage  .   (no gloves)
Will     .....                  (boots unavailable)
Stlth    +.........             (no amulet)
HPRegen  0.09/turn              (no ring)
MPRegen  0.00/turn              (no ring)

@: flying
A: sickness immunity, fire resistance 2, cold vulnerability 1, float, innate
caster, hp casting, extra vitality 1
a: no special abilities


You were on level 3 of the Dungeon.
You visited 1 branch of the dungeon, and saw 3 of its levels.

You collected 49 gold pieces.

Inventory:

Hand Weapons
 a - a +0 long sword (weapon)
Missiles
 e - 28 stones (quivered)
Armour
 b - a +0 leather armour (worn)
 c - a +0 helmet (worn)
 g - a +0 chain mail
Scrolls
 f - a scroll of amnesia {unknown}
Potions
 h - a potion of heal wounds {unknown}


   Skills:
 - Level 2.0 Fighting
 + Level 3.1 Long Blades
 - Level 1.5 Throwing
 + Level 3.7 Dodging
 * Level 1.5 Spellcasting


You had 4 spell levels left.
You knew the following spells:

 Your Spells              Type           Power      Damage    Failure   Level
a - Corona                Hex            3%         N/A       24%         1
Your spell library was empty.

Dungeon Overview and Level Annotations

Branches:
Dungeon (3/15)

Altars:

Annotations:
D:2 Natasha


Innate Abilities, Weirdness & Mutations

You are immune to sickness and miasma.
You are immune to poison.
Your flesh is very heat resistant. (rF++)
You are vulnerable to cold. (rC-)
You float through the air rather than walking.
You learn spells naturally, not from books.
Your magical power is your life essence.
You have superior vitality. (+4 HP)


Message History

An orc comes into view. It is wielding a +0 flail.
The quokka barely misses you. The kobold hits you with a +0 dagger.
The ball python bites you.
* * * LOW HITPOINT WARNING * * *
The ball python barely misses you.
You see here a +0 dagger.
The orc shouts!
You hit the quokka.
You kill the quokka!
You hear a shout!
The ball python closely misses you.
You riposte.
You hit the ball python.
You kill the ball python!
The kobold barely misses you. The kobold misses you.
You riposte.
You slash the kobold!
You kill the kobold!
Throw: 3 throwing nets
Press: ? - help, Q - select action, (/) - cycle Shift-Dir - straight line You throw a throwing net.
Throw: 2 throwing nets
Press: ? - help, Q - select action, (/) - cycle Shift-Dir - straight line, f - orc priest
Aim: an orc priest, wielding a +0 dagger (59% to hit)
You throw a throwing net.
The throwing net barely misses the orc priest.
Throw: throwing net
Press: ? - help, Q - select action, (/) - cycle Shift-Dir - straight line, f/p - orc priest
Aim: an orc priest, wielding a +0 dagger (59% to hit)
You throw a throwing net. The throwing net hits the orc priest.
The orc priest is caught in the net!
You feel yourself speed up.
The orc priest struggles against the net.
An orc comes into view. It is wielding a +0 club.
The orc priest struggles against the net.
The orc barely misses you.
You riposte.
You closely miss the orc.
The orc throws a silver boomerang.
The silver boomerang hits you.
* * * LOW HITPOINT WARNING * * *
x2 The orc priest struggles against the net.
(D) Dungeon
Where to? (? - help)
Okay, then.
Are you sure you want to abandon this character and quit the game? (Confirm with "yes".)

#.(..(.(..
#..o.......
#..o.......
#..........
#..........
#.o........
#.!........
#))o.......
#..@.......
######.....
.#.#. #.#


You could see an orc priest (caught) and 3 orcs.

Vanquished Creatures
  2 dart slugs (D:1)
  8 ball pythons
  An endoplasm (D:2)
  2 giant cockroaches (D:1)
  2 goblins
  3 hobgoblins (D:1)
  10 jackals
  A quokka (D:3)
  5 bats
  2 kobolds (D:3)
36 creatures vanquished.

Notes
Turn   | Place    | Note
-------+----------+-------------------------------------------
     0 | D:1      | DocSulfur the Djinni Gladiator began the quest for the Orb.
     0 | D:1      | Reached XP level 1. HP: 18/18 MP: 0/0
   264 | D:1      | Reached XP level 2. HP: 16/23 MP: 0/0
   538 | D:1      | Reached skill level 1 in Spellcasting
   555 | D:1      | Reached XP level 3. HP: 27/28 MP: 0/0
   555 | D:1      | Learned a level 1 spell: Corona
  1236 | D:2      | Noticed Natasha
  1305 | D:3      | Quit the game

Illustrated notes

Levels and vault maps discovered:
D:1:      dpeg_arrival_erosion, layout_basic,
          dreamdust_ecumenical_altar_hidden_monk_grotto
D:2:      layout_loops_corners, uniq_natasha
D:3:      layout_basic, serial_shops, shop, uniq_grinder

Skill      XL: |  1  2 |
---------------+-------+-----
Spellcasting   | 1 |  1.5
Long Blades    | 3 |  3.1
Fighting       | |  2.0
Throwing       | |  1.5
Dodging        | |  3.7

Action                   || total
-------------------------++-------
Melee: Long sword        ||    69
Throw: Throwing net      ||     3
Armor: Leather armour    ||    26
Dodge: Dodged            ||    91
       Rpst.: Long sword ||    28

Table legend: (Time is in decaauts)
 A = Elapsed time spent in this place.
 B = Non-inter-level travel time spent in this place.
 C = Inter-level travel time spent in this place.
 D = Time resting spent in this place.
 E = Time spent auto-exploring this place.
 F = Levels seen in this place.
 G = Mean time per level.
                   A        B        C        D        E       F      G
               +--------+--------+--------+--------+--------+-----+--------+
         Total |   1330 |   1330 |      0 |    158 |    673 |   3 |  443.3 |
       Dungeon |   1330 |   1330 |      0 |    158 |    673 |   3 |  443.3 |
               +--------+--------+--------+--------+--------+-----+--------+

Top non-repeatable levels by time:
     D:2: 673 daAuts
     D:1: 630 daAuts
     D:3: 26 daAuts
